 Dungeon Crawl Stone Soup version 0.25-a0-566-g062765be81 (webtiles) character file.

Game seed: 635174205799362764, levelgen mode: deterministic

97804 Flugslaktarn the Severer (level 15, -4/142 HPs)
             Began as a Deep Dwarf Fighter on Feb 28, 2020.
             Was the Champion of Makhleb.
             Slain by a three-headed hydra simulacrum (19 damage)
             ... on level 4 of the Swamp.
             The game lasted 00:15:33 (14512 turns).

Flugslaktarn the Severer (Deep Dwarf Fighter)      Turns: 14512, Time: 00:15:33

Health: -4/142     AC: 41    Str: 23    XL:     15   Next: 73%
Magic:  11/11      EV: 12    Int: 18    God:    Makhleb [******]
Gold:   993        SH: 19    Dex: 12    Spells: 14/14 levels left

rFire    . . .     SeeInvis +   P - +7 broad axe (elec)
rCold    . . .     Gourm    +   S - +0 tower shield {AC+3}
rNeg     + . .     Faith    .   f - +0 storm dragon scales
rPois    +         Spirit   .   x - +2 helmet {SInv}
rElec    +         Reflect  .   N - +2 cloak {+Inv}
rCorr    .         Harm     .   L - +2 pair of gloves
MR       ++...                  o - +2 pair of boots
Stlth    ..........             Q - amulet of Xom's Absentmindedness {Gourm rPois Str-2 Int+8}
HPRegen  0.00/turn              v - +6 ring of evasion
MPRegen  0.12/turn              Z - ring of Robustness {AC+8}

@: marked, non-regenerating, very slow
A: damage resistance, heal wounds, mutation resistance 1, negative energy
resistance 1, sense surroundings 2, MP-powered wands, no regeneration
a: Heal Wounds, Minor Destruction, Lesser Servant of Makhleb, Major Destruction,
Greater Servant of Makhleb, Renounce Religion, Evoke Invisibility


You were on level 4 of the Swamp.
You worshipped Makhleb.
Makhleb was exalted by your worship.
You were very full.

You visited 4 branches of the dungeon, and saw 24 of its levels.
You also visited: Gauntlet and Ice Cave.

You collected 1119 gold pieces.
You spent 126 gold pieces at shops.

Inventory:

Hand Weapons
 a - a +1 vampiric war axe
 P - a +7 broad axe of electrocution (weapon)
   (You took it off Urug on level 14 of the Dungeon)
Missiles
 F - a throwing net (quivered)
Armour
 f - +0 storm dragon scales (worn)
   (You found it on level 4 of the Lair of Beasts)
 g - a +0 cloak
   (You took it off Crazy Yiuf on level 4 of the Dungeon)
 o - a +2 pair of boots (worn)
   (You bought it in a shop on level 5 of the Dungeon)
 x - a +2 helmet of see invisible (worn)
   (You found it on level 6 of the Dungeon)
 G - a scarf of repulsion
   (You found it on level 10 of the Dungeon)
 L - a +2 pair of gloves (worn)
   (You found it on level 12 of the Dungeon)
 N - a +2 cloak of invisibility (worn)
   (You found it in a Gauntlet)
 R - a +0 kite shield
 S - a +0 tower shield of protection (worn)
   (You found it in a Gauntlet)
Jewellery
 c - an uncursed ring of protection from cold
   (You found it in an ice cave)
 i - an uncursed ring of see invisible
   (You found it on level 10 of the Dungeon)
 m - a +6 amulet of reflection
   (You found it on level 3 of the Lair of Beasts)
 v - a +6 ring of evasion (left hand)
   (You found it on level 7 of the Dungeon)
 D - an uncursed ring of fire
   (You found it on level 9 of the Dungeon)
 Q - the amulet of Xom's Absentmindedness (around neck) {Gourm rPois Str-2 Int+8}
   (You found it in a Gauntlet)

   [amulet of the gourmand]

   It allows you to eat raw meat even when not hungry.
   It affects your strength (-2).
   It affects your intelligence (+8).
   It protects you from poison.
 Z - the ring of Robustness (right hand) {AC+8}
   (You found it on level 2 of the Lair of Beasts)

   [ring of protection]

   It affects your AC (+8).
Wands
 u - a wand of iceblast (22)
   (You found it on level 8 of the Dungeon)
 y - a wand of scattershot (8)
   (You found it on level 9 of the Dungeon)
 W - a wand of acid (1)
   (You found it on level 5 of the Dungeon)
 Y - a wand of paralysis (10)
   (You found it on level 1 of the Lair of Beasts)
Scrolls
 b - a scroll of fog
 t - 5 scrolls of teleportation
 w - 3 scrolls of remove curse
 E - 4 scrolls of immolation
 H - 2 scrolls of random uselessness
 M - a scroll of magic mapping
 U - 3 scrolls of brand weapon
 V - a scroll of fear
Potions
 d - 3 potions of might
 h - 3 potions of flight
 j - 2 potions of magic
 k - 4 potions of invisibility
 l - 2 potions of lignification
 n - 3 potions of resistance
 p - a potion of cancellation {unknown}
 q - 7 potions of curing
 z - 3 potions of heal wounds {unknown}
 A - 3 potions of berserk rage
 B - 3 potions of haste
 C - 2 potions of ambrosia {unknown}
 I - 4 potions of stabbing {unknown}
 J - 2 potions of mutation
 K - 2 potions of brilliance {unknown}
 O - 2 potions of degeneration {unknown}
Comestibles
 e - 33 rations


   Skills:
 + Level 11.2 Fighting
 * Level 17.4 Axes
 + Level 13.0 Armour
 + Level 13.1 Shields
 + Level 14.3 Invocations


You had 14 spell levels left.
You didn't know any spells.
Your spell library was empty.

Dungeon Overview and Level Annotations

Branches:
Dungeon (15/15)            Temple (1/1) D:4            Lair (4/6) D:9
  Swamp (4/4) Lair:2       Spider (0/4) Lair:4          Orc (0/2) D:9
 Vaults (0/5) D:14         Depths (0/5) D:15          IceCv (visited)
Gauntlet (visited)

Altars:
Ashenzari
Cheibriados
Dithmenos
Elyvilon
Fedhas
Gozag
Hepliaklqana
Kikubaaqudgha
Makhleb
Nemelex Xobeh
Okawaru
Qazlal
Ru
Sif Muna
Trog
Uskayaw
Vehumet
Wu Jian
Xom
Yredelemnul
Zin
The Shining One

Shops:
D:5 [   D:10 [

Annotations:
D:4 , 2 transporters, Tommers's ghost, amateur BaSu
D:8 2 transporters, zikan's ghost, novice GrEE
D:14 2 transporters, Gruesome's ghost, journeyman GrFi
Lair:2 1 runed translucent door, kae's ghost, journeyman FeEn
Lair:3 exclusion: oklob plant


Innate Abilities, Weirdness & Mutations

You are resistant to damage.
You can heal yourself by infusing magical energy.
You resist negative energy. (rN+)
You passively map the area around you.
You do not regenerate.
You are somewhat resistant to further mutation.
You expend magic power (3 MP) to strengthen your wands.


Message History

You are too injured to fight recklessly!
You are too injured to fight recklessly!
You are too injured to fight recklessly!
Okay, then.
Your unstable footing causes you to fumble your attack.
You block the thorn hunter's attack. The thorn hunter barely misses you.
Your unstable footing causes you to fumble your attack.
The death drake zombie bites you but does no damage.
You block the three-headed hydra simulacrum's attack. x3
The thorn hunter fires a volley of thorns at you.
The volley of thorns hits you!!
* * * LOW HITPOINT WARNING * * *
Your unstable footing causes you to fumble your attack.
You block the death drake zombie's attack.
The three-headed hydra simulacrum closely misses you.
The three-headed hydra simulacrum barely misses you.
The three-headed hydra simulacrum bites you.
* * * LOW HITPOINT WARNING * * *
The three-headed hydra simulacrum freezes you!!
You die...

≈.≈≈≈≈..≈..≈≈≈≈≈≈≈.≈≈.♣♣♣.≈≈≈..♣♣
.♣♣♣♣♣♣...≈.≈≈≈≈≈.≈†≈..♣♣♣♣§≈≈≈.≈
. ♣♣♣♣♣♣§≈≈###PPP♣#♣ ♣♣.♣.≈≈≈ *
♣♣.♣###PP## ♣♣≈.♣.≈≈≈ , * *♣.♣
♣..†≈## ♣≈..♣≈≈≈. *
,♣≈.≈..≈#♣##≈.♣..♣♣#♣.♣.≈≈.♣ ,
..≈..≈#*#♣§..≈♣.≈♣ ♣#.≈≈.♣♣ *
..≈.≈# ♣♣≈≈Z♣..≈≈♣, ##≈.♣♣♣ ≈≈≈.#
♣≈f@Z.≈♣.... #≈≈... ≈.≈≈#
♣≈)♣♣♣#.#♣..# ###≈<. ,, , ≈.#
♣.(* ♣# #.# ##.§ ,≈ *.# .... *≈ *
### * ,P♣P≈≈ * * * # , * *≈. ..≈≈
* * ,, .,....♣ * , * ,, ..P_P, *
, * ≈ ≈


You could see a thorn hunter, a three-headed hydra simulacrum and a death drake
zombie.

Vanquished Creatures
  Rupert (D:14)
  Gastronok (D:12)
  A thorn hunter (Swamp:4)
  A very ugly thing (Swamp:3)
  2 vampire knights (Swamp:4)
  A white draconian (IceCv)
  A minotaur (Gauntlet)
  A death ooze (Gauntlet)
  5 hydras
  3 shambling mangroves (Swamp:4)
  A rakshasa (D:15)
  A death yak (IceCv)
  3 centaur warriors
  Erica (D:9)
  2 alligators (Swamp:4)
  2 catoblepae
  3 two-headed ogres
  3 tengu warriors
  Urug (D:14)
  Sonja (D:11)
  Nergalle (D:11)
  2 sixfirhies (Gauntlet)
  8 swamp dragons
  3 spriggan druids
  A phantasmal warrior (Swamp:4)
  A wizard (D:14)
  An orc knight (D:15)
  A harpy (shapeshifter) (D:15)
  A lindwurm (Lair:4)
  A deep elf mage (D:13)
  10 ugly things
  3 cyclopes
  An oklob plant (Lair:3)
  A manticore (D:14)
  4 centaur zombies
  An ice statue (IceCv)
  A guardian serpent (shapeshifter) (D:14)
  2 black mambas
  Joseph (D:10)
  3 centaur skeletons
  2 gargoyles (Gauntlet)
  An efreet (D:13)
  Maggie (D:9)
  3 spiny frogs
  2 freezing wraiths (Swamp:4)
  3 kobold demonologists (D:12)
  A tengu conjurer (D:14)
  5 rime drakes
  3 komodo dragons
  2 death drake zombies (Swamp:4)
  A queen bee (shapeshifter) (D:15)
  3 meliai (D:15)
  3 tyrant leeches
  A death drake skeleton (Swamp:4)
  4 trolls
  15 polar bears (IceCv)
  10 hippogriffs
  5 hornets
  9 blink frogs
  2 bog bodies
  11 slime creatures
  2 hydra skeletons (Swamp:4)
  4 shadows
  2 redbacks (Lair:4)
  A redback (shapeshifter) (D:13)
  A vampire (D:13)
  Sigmund (D:2)
  3 wyverns
  Eustachio (D:5)
  45 yaks
  4 basilisks
  16 humans (D:14)
  16 vampire mosquitoes
  3 hungry ghosts
  A warg (shapeshifter) (D:15)
  5 hydra simulacra (Swamp:4)
  3 acid dragons
  6 water moccasins
  10 swamp worms
  Duvessa (D:5)
  6 porcupines
  10 orc warriors
  3 swamp drakes (Swamp:4)
  11 ice beasts
  2 sky beasts
  2 black bears
  A necrophage (D:11)
  A swamp dragon zombie (Swamp:4)
  2 phantoms (D:7)
  5 boggarts (D:15)
  29 centaurs
  7 ogres
  19 wolves
  4 crocodiles
  2 swamp dragon skeletons (Swamp:4)
  6 big kobolds
  14 bullfrogs
  Dowan (D:5)
  2 wyvern skeletons (D:11)
  3 scorpions
  11 wights
  2 electric eels (Lair:4)
  9 crimson imps
  9 hounds
  3 bullfrog zombies
  8 jellies
  2 bullfrog skeletons
  7 orc priests
  19 orc wizards
  7 iguanas
  Crazy Yiuf (D:4)
  6 worker ants
  A hound skeleton (D:6)
  2 worker ant zombies
  12 gnolls
  A howler monkey skeleton (D:6)
  11 adders
  5 shadow imps
  An adder zombie (D:7)
  4 adder skeletons
  A worm (D:5)
  2 leopard geckos
  70 orcs
  3 giant cockroaches
  3 goblins
  4 hobgoblins
  6 jackals
  29 kobolds
  3 quokkas
  2 bats
  A jackal skeleton (D:4)
  A leopard gecko skeleton (D:8)
  A quokka skeleton (D:4)
  6 rats
  A briar patch (Swamp:4)
  3 plants (Lair:4)
681 creatures vanquished.

Vanquished Creatures (collateral kills)
  2 hydras
  A two-headed ogre (D:13)
  A hungry ghost (D:11)
  An ice beast (D:13)
5 creatures vanquished.

Vanquished Creatures (others)
  A hydra (Swamp:4)
  A polar bear (IceCv)
  A wolf (IceCv)
  5 briar patches (Swamp:4)
  4 fungi (Lair:3)
  2 plants
14 creatures vanquished.

Grand Total: 700 creatures vanquished

Notes
Turn   | Place    | Note
-------+----------+-------------------------------------------
     0 | D:1      | Flugslaktarn the Deep Dwarf Fighter began the quest for the
                  | Orb.
     0 | D:1      | Reached XP level 1. HP: 20/20 MP: 1/1
   173 | D:2      | Noticed Sigmund
   179 | D:2      | Reached XP level 2. HP: 25/27 MP: 2/2
   185 | D:2      | Killed Sigmund
   185 | D:2      | Reached skill level 4 in Axes
   185 | D:2      | Reached XP level 3. HP: 28/34 MP: 3/3
   185 | D:2      | Reached XP level 4. HP: 35/42 MP: 4/4
   185 | D:2      | Reached XP level 5. HP: 41/49 MP: 5/5
   490 | D:4      | Found a runed translucent door.
   491 | D:4      | Noticed Crazy Yiuf
   539 | D:4      | Noticed Tommers's ghost (amateur BaSu)
   540 | D:4      | Found a transporter.
   541 | D:4      | Noticed an ogre
   542 | D:4      | Noticed an ogre
   544 | D:4      | Found a transporter.
   563 | D:4      | Found a staircase to the Ecumenical Temple.
   578 | D:4      | Reached XP level 6. HP: 33/56 MP: 6/6
   586 | D:4      | Reached skill level 5 in Axes
   617 | Temple   | Entered the Ecumenical Temple
   717 | Temple   | Became a worshipper of Makhleb the Destroyer
  1014 | D:4      | Found a glowing drain.
  1438 | D:4      | Killed Crazy Yiuf
  1503 | D:5      | Entered Level 5 of the Dungeon
  1532 | D:5      | Found a white marble altar of Elyvilon.
  1540 | D:5      | Reached skill level 1 in Invocations
  1561 | D:5      | Reached XP level 7. HP: 27/63 MP: 5/5
  1858 | D:5      | Found Qasoysch's Armour Emporium.
  1859 | D:5      | Noticed Duvessa
  1861 | D:5      | Noticed Dowan
  1884 | D:5      | Killed Duvessa
  1884 | D:5      | Reached skill level 5 in Shields
  1889 | D:5      | Killed Dowan
  1889 | D:5      | Reached skill level 5 in Armour
  1898 | D:5      | Bought a +1 pair of boots for 126 gold pieces
  1978 | D:5      | Found a blossoming altar of Fedhas.
  2052 | D:5      | Noticed Eustachio
  2101 | D:5      | Killed Eustachio
  2101 | D:5      | Reached skill level 6 in Axes
  2164 | D:5      | You fall into a shaft and drop 3 floors!
  2170 | D:8      | Noticed a hippogriff
  2188 | D:8      | Killed a hippogriff
  2188 | D:8      | Reached * piety under Makhleb
  2188 | D:8      | Reached XP level 8. HP: 52/73 MP: 8/8
  2299 | D:8      | Reached skill level 7 in Axes
  2328 | D:8      | Found a blossoming altar of Fedhas.
  2333 | D:8      | Noticed a two-headed ogre
  2345 | D:8      | Killed a two-headed ogre
  2345 | D:8      | Reached skill level 5 in Fighting
  2345 | D:8      | Reached skill level 8 in Axes
  2345 | D:8      | Reached skill level 5 in Invocations
  2345 | D:8      | Gained mutation: You passively map the area around you.
                  | [Deep Dwarf growth]
  2345 | D:8      | Reached XP level 9. HP: 46/81 MP: 7/7
  2456 | D:7      | Reached ** piety under Makhleb
  2892 | D:6      | Reached skill level 9 in Axes
  3023 | D:6      | Found a bloodstained altar of Trog.
  3451 | D:7      | Noticed a four-headed hydra
  3527 | D:7      | Killed a nine-headed hydra
  3527 | D:7      | Reached XP level 10. HP: 91/91 MP: 6/8
  3531 | D:7      | Reached *** piety under Makhleb
  3575 | D:7      | Gained mutation: Scrolls take you a little longer to read.
                  | [potion of mutation]
  3575 | D:7      | Gained mutation: You are frail. (-10% HP) [potion of
                  | mutation]
  3575 | D:7      | Gained mutation: Your mind is acute. (Int +2) [potion of
                  | mutation]
  3858 | D:7      | Reached skill level 10 in Axes
  4094 | D:8      | Found a transporter.
  4094 | D:8      | Found a transporter.
  4097 | D:8      | Noticed zikan's ghost (novice GrEE)
  4496 | D:9      | Noticed Erica
  4509 | D:9      | Reached **** piety under Makhleb
  4512 | D:9      | Noticed Maggie
  4533 | D:9      | Killed Erica
  4535 | D:9      | Reached skill level 11 in Axes
  4548 | D:9      | Killed Maggie
  4615 | D:9      | Reached XP level 11. HP: 90/90 MP: 10/10
  4697 | D:9      | Found a staircase to the Lair.
  4808 | D:9      | Found a staircase to the Orcish Mines.
  4931 | D:9      | Lost mutation: You are frail. (-10% HP) [potion of
                  | mutation]
  4931 | D:9      | Lost mutation: Scrolls take you a little longer to read.
                  | [potion of mutation]
  4931 | D:9      | Lost mutation: Your mind is acute. (Int +2) [potion of
                  | mutation]
  4931 | D:9      | Gained mutation: Your body sometimes deteriorates upon
                  | taking damage. [potion of mutation]
  4931 | D:9      | Gained mutation: You are frail. (-10% HP) [potion of
                  | mutation]
  4931 | D:9      | Gained mutation: You have a pair of small horns on your
                  | head. [potion of mutation]
  4931 | D:9      | Gained mutation: You expend magic power (3 MP) to
                  | strengthen your wands. [potion of mutation]
  4934 | D:9      | Lost mutation: You have a pair of small horns on your head.
                  | [potion of mutation]
  4934 | D:9      | Lost mutation: You are frail. (-10% HP) [potion of
                  | mutation]
  4934 | D:9      | Lost mutation: Your body sometimes deteriorates upon taking
                  | damage. [potion of mutation]
  4934 | D:9      | Gained mutation: You are somewhat resistant to further
                  | mutation. [potion of mutation]
  5125 | D:10     | Entered Level 10 of the Dungeon
  5340 | D:10     | Noticed a two-headed ogre
  5359 | D:10     | Killed a two-headed ogre
  5359 | D:10     | Reached ***** piety under Makhleb
  5393 | D:10     | Noticed Joseph
  5417 | D:10     | Killed Joseph
  5447 | D:10     | Found Oproeheu's Armour Shop.
  5745 | D:11     | Noticed Sonja
  5778 | D:11     | Killed Sonja
  5866 | D:11     | Noticed a seven-headed hydra
  5880 | D:11     | Killed an eight-headed hydra
  5982 | D:11     | Reached skill level 12 in Axes
  6297 | D:11     | Noticed Nergalle
  6303 | D:11     | Killed Nergalle
  6434 | D:11     | Found a white marble altar of Elyvilon.
  6719 | D:12     | Noticed a soul eater
  6805 | D:12     | Noticed Gastronok
  6816 | D:12     | Killed Gastronok
  6816 | D:12     | Reached XP level 12. HP: 91/110 MP: 1/11
  6822 | D:12     | Reached skill level 10 in Invocations
  7031 | D:12     | Noticed a two-headed ogre
  7052 | D:12     | Killed a two-headed ogre
  7052 | D:12     | Reached skill level 13 in Axes
  7112 | D:12     | Reached skill level 10 in Shields
  7394 | D:12     | Reached skill level 10 in Armour
  7727 | D:13     | Found a frozen archway.
  7727 | D:13     | Noticed a seven-headed hydra
  7727 | D:13     | Noticed a catoblepas
  7731 | D:13     | Noticed a two-headed ogre
  7809 | D:13     | Killed a catoblepas
  7886 | D:13     | Killed a 12-headed hydra
  7974 | D:13     | Found a radiant altar of Vehumet.
  8046 | D:13     | Killed a two-headed ogre
  8163 | IceCv    | Entered an ice cave
  8246 | IceCv    | Reached XP level 13. HP: 51/121 MP: 11/11
  8432 | IceCv    | Reached skill level 14 in Axes
  8673 | IceCv    | Reached ****** piety under Makhleb
  8767 | IceCv    | Noticed a white draconian
  8828 | IceCv    | Killed a white draconian
  9178 | D:14     | Found a gate to the Vaults.
  9178 | D:14     | Noticed Rupert
  9178 | D:14     | Noticed Urug
  9179 | D:14     | Paralysed by Rupert for 6 turns
  9217 | D:14     | Found a transporter.
  9240 | D:14     | Noticed Gruesome's ghost (journeyman GrFi)
  9418 | D:14     | Reached skill level 15 in Axes
  9469 | D:14     | Killed Urug
  9562 | D:14     | Killed Rupert
  9562 | D:14     | Gained mutation: You resist negative energy. (rN+) [Deep
                  | Dwarf growth]
  9562 | D:14     | Reached XP level 14. HP: 88/130 MP: 11/11
  9771 | D:14     | Reached skill level 10 in Fighting
  9903 | D:14     | Found a transporter.
  9978 | D:15     | Entered Level 15 of the Dungeon
 10248 | D:15     | Got a translucent bronze amulet
 10790 | D:15     | Found a staircase to the Depths.
 10797 | D:15     | Reached skill level 16 in Axes
 10955 | Lair:1   | Entered Level 1 of the Lair of Beasts
 11088 | Lair:2   | Found the ring of Robustness {AC+8}
 11233 | Lair:2   | Found a staircase to the Swamp.
 11236 | Lair:2   | You fall into a shaft and drop 2 floors!
 11441 | Lair:4   | Found a hole to the Spider Nest.
 11625 | Lair:4   | Found a gate leading to a gauntlet.
 11638 | Gauntlet | Entered a Gauntlet
 11638 | Gauntlet | Found a transporter.
 11645 | Gauntlet | Found a transporter.
 11647 | Gauntlet | Found a transporter.
 11656 | Gauntlet | Found a transporter.
 11658 | Gauntlet | Found a transporter.
 11667 | Gauntlet | Found a transporter.
 11683 | Gauntlet | Found a transporter.
 11693 | Gauntlet | Found a transporter.
 11703 | Gauntlet | Found the +5 robe of Night {Dark MR+ SInv}
 11703 | Gauntlet | Found a transporter.
 11717 | Gauntlet | Found a transporter.
 11731 | Gauntlet | Found a transporter.
 11731 | Gauntlet | Found a transporter.
 11779 | Gauntlet | Found a transporter.
 11793 | Gauntlet | Found a transporter.
 11922 | Gauntlet | Identified the amulet "Soloimop" {+Rage Str+3} (You found
                  | it on level 15 of the Dungeon)
 11923 | Gauntlet | Identified the amulet of Xom's Absentmindedness {Gourm
                  | rPois Str-2 Int+8} (You found it in a Gauntlet)
 11959 | Gauntlet | Got a pair of shimmering boots
 11970 | Gauntlet | Identified the cursed +0 pair of boots of the Wild Haggis
                  | {+Blink} (You found it in a Gauntlet)
 12091 | Gauntlet | Identified the +7 short sword "Cir Houn" {flame, *Noise rF-
                  | rN+++ SInv}
 12091 | Gauntlet | Identified the cursed +0 crystal plate armour of the Sea
                  | {Int+2}
 12144 | Gauntlet | Got a steaming ivory ring
 12146 | Gauntlet | Identified the ring "Vyziqet" {*Tele Int+3 Slay+2} (You
                  | found it in a Gauntlet)
 12833 | Lair:3   | Reached XP level 15. HP: 140/140 MP: 13/13
 13255 | Lair:2   | Found an opulent altar of Gozag.
 13285 | Lair:2   | Found a runed translucent door.
 13753 | Lair:2   | Found a shimmering altar of Xom.
 13753 | Lair:2   | Noticed kae's ghost (journeyman FeEn)
 13772 | Swamp:1  | Entered Level 1 of the Swamp
 14077 | Swamp:4  | Entered Level 4 of the Swamp
 14383 | Swamp:4  | Reached skill level 17 in Axes
 14443 | Swamp:4  | Noticed a thorn hunter
 14468 | Swamp:4  | Killed a thorn hunter
 14493 | Swamp:4  | Noticed a thorn hunter
 14494 | Swamp:4  | Found a blossoming altar of Fedhas.
 14512 | Swamp:4  | Slain by a three-headed hydra simulacrum

Levels and vault maps discovered:
D:1:      minmay_arrival_three_doors, layout_loops_cross,
          chequers_decorated_corner, minmay_box_of_dots
D:2:      layout_basic, uniq_jessica, uniq_sigmund
D:3:      layout_loops_ring, grunt_ashenzari_visionary
          [grunt_ashenzari_visionary_swamp, grunt_ashenzari_visionary_spider],
          uniq_natasha
D:4:      layout_loops_ring, minmay_temple_entry_arrows, gammafunk_ghost_smash,
          portal_sewer_entry_e, solitary_fountain, uniq_crazy_yiuf_cottage
D:5:      minmay_bubble_buster, layout_loops_ring, elyvilon_altar_1,
          serial_shops, shop_fountains, first_ration, fedhas_altar_3,
          uniq_menkaure, uniq_duvessa, uniq_eustachio
D:6:      layout_cave_pods, nicolae_ossuary_entry_monument,
          trog_three_pillars_becter
D:7:      layout_cave_pools, minmay_unpleasant_kobolds
D:8:      layout_loops_ring, gammafunk_ghost_hive, basic_altar
D:9:      layout_rooms, lair_entry_dummy, erik_orc_3, uniq_erica, uniq_maggie
D:10:     layout_basic, serial_shops, nicolae_shop_statue_plus, uniq_joseph
D:11:     layout_grid_maze, basic_altar, uniq_nergalle, uniq_sonja
D:12:     layout_basic, kennysheep_doodads, uniq_gastronok
D:13:     layout_cross, basic_altar, portal_ice_cave_entry_ice_beasts
D:14:     layout_rooms, david_vaults_3, gammafunk_ghost_stat_death,
          minmay_misc_feat_five
D:15:     gammafunk_enter_depths_forms, layout_irregular_city, minivault_25
Temple:   kilobyte_greek_temple
Lair:1:   layout_loops_ring, columned_hall_lemuel, patterned_corridor
Lair:2:   layout_roguey, swamp_mist, ebering_ghost_xom, basic_altar,
          serial_bayou_lagoon_a, chequers_serial_rivers_room_b, minivault_23,
          minmay_holes
Lair:3:   dpeg_oklob_gauntlet, layout_long_grid, serial_bayou_crossing
Lair:4:   layout_hall_layers, spider_nest_entry_webs, gauntlet_entry_generic,
          serial_bayou_pond_c, serial_bayou_lake_a
Swamp:1:  layout_falls_marsh, evilmike_swamp_ruin_house_3
Swamp:2:  layout_falls_marsh, nicolae_swamp_stair_fork
Swamp:3:  layout_basic_swamp, nicolae_swamp_round_clearing
Swamp:4:  byrel_swamp_growth_death_and_undeath, layout_basic_swamp, swamp_pool1,
          hangedman_swamp_lotus

Skill      XL: |  1  2  3  4  5  6  7  8  9 10 11 12 13 14 15 |
---------------+----------------------------------------------+-----
Fighting       | 3 4 5 6 7 8 9 10 11 | 11.2
Axes           | 4 5 6 8 9 11 12 13 15 16 17 | 17.4
Armour         | 4 5 6 7 8 9 10 11 12 13 | 13.0
Shields        | 4 5 6 7 8 9 10 11 12 13 | 13.1
Invocations    | 1 3 5 6 8 9 11 12 13 14 | 14.3

Action                   |  1- 3 |  4- 6 |  7- 9 | 10-12 | 13-15 || total
-------------------------+-------+-------+-------+-------+-------++-------
Melee: War axe           |    32 |   197 |   373 |  1125 |   519 ||  2246
       Headbutt          |       |       |       |     1 |       ||     1
       Broad axe         |       |       |       |       |   804 ||   804
Invok: Lesser Servant of |       |       |       |     6 |     2 ||     8
 Abil: Heal Wounds       |       |     4 |    17 |     9 |    12 ||    42
Evoke: Wand              |       |       |     4 |     8 |       ||    12
  Use: Scroll            |       |       |     4 |    11 |    23 ||    38
       Potion            |       |       |     2 |     3 |     1 ||     6
 Stab: Petrifying        |       |       |       |     1 |       ||     1
       Petrified         |       |       |       |     1 |       ||     1
       Invisible         |       |       |       |       |    12 ||    12
  Eat: Chunk             |       |     3 |     7 |    32 |    22 ||    64
       Ration            |       |       |       |     1 |       ||     1
Armor: Plate armour      |    10 |   172 |   283 |   707 |   543 ||  1715
       Scale mail        |     1 |       |       |       |       ||     1
       Storm dragon scal |       |       |       |       |   517 ||   517
Dodge: Dodged            |     7 |    41 |   153 |   573 |   798 ||  1572
       Deflected         |       |       |       |    21 |    18 ||    39
Block: Kite shield       |    12 |   154 |   287 |   731 |   677 ||  1861
       Tower shield      |       |       |       |       |   480 ||   480

Table legend:
 A = Non-vault XP
 B = Vault XP
 C = Vault XP percentage of total XP
 D = Non-vault monster count
 E = Vault monster count
 F = Vault count percentage of total count
                 A         B        C        D         E       F
            +---------+---------+-------+---------+---------+-------
      Total |   79514 |   60207 |  43.1 |     520 |     164 |  24.0
            +---------+---------+-------+---------+---------+-------
        D:1 |       9 |       0 |   0.0 |       7 |       0 |   0.0
        D:2 |       5 |     212 |  97.7 |       3 |       1 |  25.0
        D:3 |      90 |       0 |   0.0 |      11 |       0 |   0.0
        D:4 |     285 |      37 |  11.5 |      24 |       1 |   4.0
        D:5 |     163 |     427 |  72.4 |      11 |       3 |  21.4
        D:6 |     944 |       0 |   0.0 |      26 |       0 |   0.0
        D:7 |    2449 |     106 |   4.1 |      41 |       6 |  12.8
        D:8 |    3371 |       0 |   0.0 |      44 |       0 |   0.0
        D:9 |    2217 |    1672 |  43.0 |      32 |      15 |  31.9
       D:10 |    1897 |     460 |  19.5 |      19 |       1 |   5.0
       D:11 |    3179 |    1606 |  33.6 |      37 |       2 |   5.1
       D:12 |    8422 |    2224 |  20.9 |      64 |       1 |   1.5
       D:13 |    8351 |     981 |  10.5 |      33 |       8 |  19.5
       D:14 |    8983 |    8493 |  48.6 |      22 |      20 |  47.6
       D:15 |   12332 |    4756 |  27.8 |      46 |      14 |  23.3
     Lair:1 |    1392 |       0 |   0.0 |       6 |       0 |   0.0
     Lair:2 |    3504 |       0 |   0.0 |      15 |       0 |   0.0
     Lair:3 |    4695 |     565 |  10.7 |      22 |       1 |   4.3
     Lair:4 |    3442 |     450 |  11.6 |      17 |       2 |  10.5
    Swamp:1 |    2729 |       0 |   0.0 |       8 |       0 |   0.0
    Swamp:2 |    1925 |       0 |   0.0 |       6 |       0 |   0.0
    Swamp:3 |    3993 |       0 |   0.0 |      11 |       0 |   0.0
    Swamp:4 |    5137 |   19997 |  79.6 |      15 |      34 |  69.4
      IceCv |       0 |   12630 | 100.0 |       0 |      48 | 100.0
   Gauntlet |       0 |    5591 | 100.0 |       0 |       7 | 100.0
            +---------+---------+-------+---------+---------+-------
